AoeStats
← Deathhorse

MegaRandom

511010155Analyzed
2v2 RM · 12h ago on Oct 3, 2026· 52m 0s· 4 players
Game mode
Random Map
Map size
Medium (4 player)
Population
200
Speed
Normal
Resources
Standard
Victory
Conquest
Starting age
Dark Age
Ending age
Imperial Age
RankedLock teamsTeams togetherTeam positionsShared explorationLock speedFull tech treeHidden civsTurbo modeCheats
Victory
Defeat
🇦🇺 Poles · Australia
989
+15
🇦🇺 Vietnamese · Australia
918
+18
🇨🇴 Mongols · Colombia
978
-17
🇨🇴 Armenians · Colombia
948
-16
Jack
1:36 Loom
11:24 Feudal Age
11:52 Double-Bit Axe
11:51 Horse Collar
17:35 Gold Mining
17:38 Stone Mining
21:47 Castle Age
21:00 Fletching
21:11 Padded Archer Armor
25:17 Thumb Ring
25:40 Elite Skirmisher
27:37 Bodkin Arrow
27:58 Leather Archer Armor
29:06 Bow Saw
32:02 Wheelbarrow
32:17 Caravan
33:04 Hand Cart
38:39 Imperial Age
38:10 Ballistics
38:04 Fortified Wall
38:45 Imperial Skirmisher
39:49 Paper Money
41:18 Chemistry
42:24 Bracer
42:55 Ring Archer Armor
45:16 Siege Engineers
46:38 Elite Rattan Archer
PetForMeows
3:18 Loom
11:03 Feudal Age
15:45 Wheelbarrow
15:29 Bloodlines
17:51 Forging
17:47 Scale Barding Armor
17:37 Horse Collar
18:05 Double-Bit Axe
23:00 Castle Age
24:23 Hand Cart
24:13 Heavy Plow
24:31 Bow Saw
25:44 Iron Casting
25:30 Chain Barding Armor
28:02 Husbandry
33:18 Imperial Age
32:05 Szlachta Privileges
32:43 Scale Mail Armor
35:13 Crop Rotation
35:11 Conscription
34:31 Cavalier
35:34 Chain Mail Armor
36:11 Town Watch
36:57 Plate Mail Armor
37:29 Blast Furnace
37:08 Elite Obuch
38:12 Capped Ram
40:40 Town Patrol
41:06 Siege Engineers
42:39 Siege Ram
Deathhorse
0:27 Loom
11:17 Feudal Age
11:21 Man-at-Arms
12:33 Horse Collar
15:23 Wheelbarrow
15:40 Pikeman
16:44 Forging
26:06 Castle Age
24:17 Horse Collar
25:38 Double-Bit Axe
25:52 Gold Mining
26:16 Arson
27:31 Bow Saw
27:59 Gold Shaft Mining
28:11 Fishing Lines
29:00 Heavy Plow
30:56 Squires
31:48 Gillnets
34:44 Hand Cart
37:48 Medium Warships
37:14 Crossbowman
38:18 Caravan
38:13 Stone Mining
39:39 Loom
40:11 Demolition Ship
43:57 Imperial Age
42:25 Coinage
45:50 Iron Casting
47:20 Scale Barding Armor
47:18 Padded Archer Armor
47:00 Heavy Scorpion
48:35 Leather Archer Armor
HAN SOLO
10:23 Feudal Age
12:55 Double-Bit Axe
18:50 Castle Age
17:28 Gold Mining
19:37 Fletching
19:47 Padded Archer Armor
19:57 Scale Barding Armor
20:00 Loom
20:23 Pikeman
28:55 Stone Mining
29:40 Gold Shaft Mining
29:17 Bow Saw
34:33 Imperial Age
32:21 Caravan
33:16 Wheelbarrow
33:34 Ballistics
33:57 Stone Shaft Mining
33:27 Bodkin Arrow
34:38 Chain Barding Armor
34:38 Forging
35:19 Hand Cart
35:54 Bracer
38:12 Town Watch
37:53 Elite Mangudai
39:24 Bloodlines
39:16 Husbandry
38:39 Light Cavalry
40:10 Hussar
41:40 Iron Casting
44:44 Blast Furnace
46:01 Chemistry
Connection lost

Rejoining the realm…

Still unreachable

The connection could not be restored.

Session expired

The server has moved on; the page needs a fresh start.